TOP OF THE 1ST |
Detroit X-Wings batting - Pitching for Allentown Hillbillies : RHP Cory Powell
|
Pitching: RHP Cory Powell
|
|
Batting: SHB Jason Mason
|
0-0: Foul Ball, location: 2F 0-1: Ball 1-1: Ground out 4-3 (Groundball, 4)
|
Batting: RHB José Pérez
|
0-0: Ball 1-0: Swinging Strike 1-1: Ball 2-1: Foul Ball, location: 2F 2-2: Strikes out swinging
|
Batting: LHB Juan Jose Pineda
|
0-0: Foul Ball, location: 2F 0-1: Ball 1-1: Ball 2-1: Foul Ball, location: 2F 2-2: Foul Ball, location: 2F 2-2: Ball 3-2: Ground out 6-3 (Groundball, 6M)
|
Top of the 1st over - 0 runs, 0 hits, 0 errors, 0 left on base; Detroit 0 - Allentown 0 |
BOTTOM OF THE 1ST |
Allentown Hillbillies batting - Pitching for Detroit X-Wings : RHP Jeremias Pereirinha
|
Pitching: RHP Jeremias Pereirinha
|
|
Batting: LHB Júlio Lorenzo
|
0-0: Foul Ball, location: 2F 0-1: Called Strike 0-2: Ground out 3-1 (Groundball, 3S)
|
Batting: RHB Rubén Vázquez
|
0-0: Ground out U3 (Groundball, 34)
|
Batting: RHB Donald Sanford
|
0-0: Ball 1-0: Ball 2-0: Called Strike 2-1: Foul Ball, location: 2F 2-2: SINGLE (Groundball, 6S) (infield hit)
|
Batting: RHB Germano Labrego
|
0-0: Ball 1-0: Swinging Strike 1-1: SINGLE (Line Drive, 78M) Donald Sanford to second
|
Batting: RHB Albert Lutz
|
0-0: Ball 1-0: Ball 2-0: Ball 3-0: Base on Balls Donald Sanford to third Germano Labrego to second
|
Batting: RHB Germán Romero
|
0-0: Foul Ball, location: 2F 0-1: Ball 1-1: Ball 2-1: Foul Ball, location: 2F 2-2: SINGLE (Line Drive, 89S) Donald Sanford scores Germano Labrego to third Albert Lutz to second Runner from 3rd tries for Home, SAFE, no throw
|
Batting: SHB Travis Martin
|
0-0: Fly out, F9 (Line Drive, 9)
|
Bottom of the 1st over - 2 runs, 3 hits, 0 errors, 2 left on base; Detroit 0 - Allentown 2 |
TOP OF THE 2ND |
Detroit X-Wings batting - Pitching for Allentown Hillbillies : RHP Cory Powell
|
Batting: SHB Barrett Bowden
|
0-0: Ball 1-0: Foul Ball, location: 2F 1-1: Fly out, F8 (Flyball, 89D)
|
Batting: LHB Curt Walker
|
0-0: SINGLE (Groundball, 4D)
|
Batting: RHB Raúl Flores
|
0-0: Called Strike 0-1: Called Strike Curt Walker steals 2nd base 0-2: Ball 1-2: Ball 2-2: Strikes out looking
|
Batting: LHB Paul Alston
|
0-0: Ground out 4-3 (Groundball, 4S)
|
Top of the 2nd over - 0 runs, 1 hit, 0 errors, 1 left on base; Detroit 0 - Allentown 2 |
BOTTOM OF THE 2ND |
Allentown Hillbillies batting - Pitching for Detroit X-Wings : RHP Jeremias Pereirinha
|
Batting: RHB Robert Bly
|
0-0: Ball 1-0: Ball 2-0: Called Strike 2-1: Foul Ball, location: 2F 2-2: Fly out, F5 (Popup, 56)
|
Batting: RHB Justin Harris
|
0-0: Ball 1-0: Ball 2-0: SINGLE (Groundball, 6D)
|
Batting: LHB Júlio Lorenzo
|
0-0: Called Strike 0-1: Reached on error, E3 (Groundball, 34S) Justin Harris to second
|
Batting: RHB Rubén Vázquez
|
0-0: Foul Ball, location: 2F 0-1: Ball 1-1: Fly out, F9 (Flyball, 9LSF)
|
Batting: RHB Donald Sanford
|
0-0: Foul Ball, location: 2F 0-1: Ball 1-1: Ball 2-1: SINGLE (Flyball, 78S) Justin Harris to third Júlio Lorenzo to second Runner from 3rd tries for Home, SAFE, no throw
|
Batting: RHB Germano Labrego
|
0-0: Ball 1-0: Called Strike 1-1: Foul Ball, location: 2F 1-2: Ball 2-2: Foul Ball, location: 2F 2-2: Fly out, F7 (Line Drive, 78D)
|
Bottom of the 2nd over - 1 run, 2 hits, 1 error, 2 left on base; Detroit 0 - Allentown 3 |
TOP OF THE 3RD |
Detroit X-Wings batting - Pitching for Allentown Hillbillies : RHP Cory Powell
|
Batting: RHB Brad Ravenshaw
|
0-0: Foul Ball, location: 2F 0-1: Ball 1-1: Foul Ball, location: 2F 1-2: Ground out 5-3 (Groundball, 56S)
|
Batting: RHB José Rosales
|
0-0: Ball 1-0: Swinging Strike 1-1: Swinging Strike 1-2: Ball 2-2: Ball 3-2: Base on Balls
|
Batting: SHB Jason Mason
|
0-0: Ball José Rosales steals 2nd base 1-0: Called Strike 1-1: Ground out 3-1 (Groundball, 34) José Rosales to third
|
Batting: RHB José Pérez
|
0-0: Ball 1-0: Ball 2-0: Foul Ball, location: 2F 2-1: Called Strike 2-2: Ball 3-2: Strikes out looking
|
Top of the 3rd over - 0 runs, 0 hits, 0 errors, 1 left on base; Detroit 0 - Allentown 3 |
BOTTOM OF THE 3RD |
Allentown Hillbillies batting - Pitching for Detroit X-Wings : RHP Jeremias Pereirinha
|
Batting: RHB Albert Lutz
|
0-0: Ball 1-0: Called Strike 1-1: Fly out, F7 (Flyball, 78M)
|
Batting: RHB Germán Romero
|
0-0: Swinging Strike 0-1: Ground out 4-3 (Groundball, 4)
|
Batting: SHB Travis Martin
|
0-0: Foul Ball, location: 2F 0-1: SINGLE (Groundball, 56D)
|
Batting: RHB Robert Bly
|
0-0: Ball 1-0: Fielders Choice at 2nd, 6-4 (Groundball, 6)
|
Bottom of the 3rd over - 0 runs, 1 hit, 0 errors, 1 left on base; Detroit 0 - Allentown 3 |
TOP OF THE 4TH |
Detroit X-Wings batting - Pitching for Allentown Hillbillies : RHP Cory Powell
|
Batting: LHB Juan Jose Pineda
|
0-0: Foul Ball, location: 2F 0-1: Ball 1-1: Ball 2-1: Ball 3-1: Foul Ball, location: 2F 3-2: Foul Ball, location: 2F 3-2: Foul Ball, location: 2F 3-2: Ground out U3 (Groundball, 3L)
|
Batting: SHB Barrett Bowden
|
0-0: Called Strike 0-1: Foul Ball, location: 2F 0-2: Ball 1-2: Ball 2-2: Strikes out swinging
|
Batting: LHB Curt Walker
|
0-0: Ball 1-0: Ball 2-0: Swinging Strike 2-1: Called Strike 2-2: Strikes out swinging
|
Top of the 4th over - 0 runs, 0 hits, 0 errors, 0 left on base; Detroit 0 - Allentown 3 |
BOTTOM OF THE 4TH |
Allentown Hillbillies batting - Pitching for Detroit X-Wings : RHP Jeremias Pereirinha
|
Batting: RHB Justin Harris
|
0-0: Ball 1-0: SOLO HOME RUN (Flyball, 7D), Distance : 365 ft
|
Batting: LHB Júlio Lorenzo
|
0-0: Foul Ball, location: 2F 0-1: DOUBLE (Line Drive, 89D)
|
Batting: RHB Rubén Vázquez
|
0-0: Foul Ball, location: 2F 0-1: Foul Ball, location: 2F 0-2: Fly out, F8 (Flyball, 8LS)
|
Batting: RHB Donald Sanford
|
0-0: SINGLE (Flyball, 56D) Júlio Lorenzo to third
|
Batting: RHB Germano Labrego
|
0-0: Ball 1-0: Swinging Strike 1-1: Called Strike 1-2: DOUBLE (Line Drive, 89XD) Júlio Lorenzo scores Donald Sanford to third
|
Batting: RHB Albert Lutz
|
0-0: Swinging Strike 0-1: Fly out, F5 (Popup, 5SF)
|
Batting: RHB Germán Romero
|
0-0: Ball 1-0: Foul Ball, location: 2F 1-1: Ball 2-1: SINGLE (Line Drive, 4D) Donald Sanford scores Germano Labrego to third Runner from 3rd tries for Home, SAFE, throw made home
|
Batting: SHB Travis Martin
|
0-0: Called Strike 0-1: Ball 1-1: Called Strike 1-2: Strikes out looking
|
Bottom of the 4th over - 4 runs, 5 hits, 0 errors, 1 left on base; Detroit 0 - Allentown 7 |
TOP OF THE 5TH |
Detroit X-Wings batting - Pitching for Allentown Hillbillies : RHP Cory Powell
|
Batting: RHB Raúl Flores
|
0-0: Ball 1-0: SINGLE (Groundball, 5D)
|
Batting: LHB Paul Alston
|
0-0: Ball 1-0: Called Strike 1-1: Swinging Strike 1-2: Foul Ball, location: 2F 1-2: Strikes out swinging
|
Batting: RHB Brad Ravenshaw
|
0-0: Called Strike 0-1: Ball 1-1: Swinging Strike 1-2: Strikes out looking
|
Batting: RHB José Rosales
|
0-0: Called Strike 0-1: SINGLE (Line Drive, 78S) Raúl Flores to second
|
Batting: SHB Jason Mason
|
0-0: Ball 1-0: Ball 2-0: Called Strike 2-1: Ball 3-1: Swinging Strike 3-2: Base on Balls Raúl Flores to third José Rosales to second
|
Batting: RHB José Pérez
|
0-0: Called Strike 0-1: Ball 1-1: Ball 2-1: Ball 3-1: Base on Balls Raúl Flores scores José Rosales to third Jason Mason to second
|
Batting: LHB Juan Jose Pineda
|
0-0: Fly out, F7 (Flyball, 7LM)
|
Top of the 5th over - 1 run, 2 hits, 0 errors, 3 left on base; Detroit 1 - Allentown 7 |
BOTTOM OF THE 5TH |
Allentown Hillbillies batting - Pitching for Detroit X-Wings : RHP Jeremias Pereirinha
|
Batting: RHB Robert Bly
|
0-0: Ball 1-0: Swinging Strike 1-1: Ball 2-1: Ball 3-1: Called Strike 3-2: Foul Ball, location: 2F 3-2: Fly out, F8 (Flyball, 8RS)
|
Batting: RHB Justin Harris
|
0-0: Ball 1-0: Foul Ball, location: 2F 1-1: Foul Ball, location: 2F 1-2: Ball 2-2: Strikes out swinging
|
Batting: LHB Júlio Lorenzo
|
0-0: Called Strike 0-1: Ball 1-1: Fly out, F8 (Line Drive, 8LM)
|
Bottom of the 5th over - 0 runs, 0 hits, 0 errors, 0 left on base; Detroit 1 - Allentown 7 |
TOP OF THE 6TH |
Detroit X-Wings batting - Pitching for Allentown Hillbillies : RHP Cory Powell
|
Pitching: RHP Coy Torres
|
|
Batting: SHB Barrett Bowden
|
0-0: Ball 1-0: Fly out, F5 (Flyball, 5D)
|
Batting: LHB Curt Walker
|
0-0: Ball 1-0: Called Strike 1-1: Swinging Strike 1-2: Ball 2-2: Strikes out swinging
|
Batting: RHB Raúl Flores
|
0-0: Called Strike 0-1: Fly out, F9 (Flyball, 9)
|
Top of the 6th over - 0 runs, 0 hits, 0 errors, 0 left on base; Detroit 1 - Allentown 7 |
BOTTOM OF THE 6TH |
Allentown Hillbillies batting - Pitching for Detroit X-Wings : RHP Jeremias Pereirinha
|
Pitching: LHP Clarence Skerratt
|
|
Batting: RHB Rubén Vázquez
|
0-0: Ball 1-0: Ball 2-0: Ball 3-0: Called Strike 3-1: DOUBLE (Line Drive, 89M)
|
Batting: RHB Donald Sanford
|
0-0: Ball 1-0: Ball 2-0: Ball 3-0: Base on Balls
|
Batting: RHB Germano Labrego
|
0-0: Ball 1-0: Ball 2-0: Ball 3-0: Base on Balls Rubén Vázquez to third Donald Sanford to second
|
Batting: RHB Albert Lutz
|
0-0: Called Strike 0-1: Ball 1-1: Foul Ball, location: 2F 1-2: Grounds into double play, 4-6-3 (Groundball, 4) Rubén Vázquez scores Donald Sanford to third
|
Batting: RHB Germán Romero
|
0-0: Ball 1-0: Foul Ball, location: 2F 1-1: Ball 2-1: Ball 3-1: Called Strike 3-2: Foul Ball, location: 2F 3-2: Base on Balls
|
Batting: SHB Travis Martin
|
0-0: Foul Ball, location: 2F 0-1: Reached on error, E6 (Groundball, 6) Donald Sanford scores Germán Romero to second
|
Batting: RHB Robert Bly
|
0-0: Ball 1-0: Ball 2-0: Ball 3-0: Base on Balls Germán Romero to third Travis Martin to second
|
Batting: RHB Justin Harris
|
0-0: Ball 1-0: Foul Ball, location: 2F 1-1: Called Strike 1-2: Fly out, F8 (Flyball, 78D)
|
Bottom of the 6th over - 2 runs, 1 hit, 1 error, 3 left on base; Detroit 1 - Allentown 9 |
TOP OF THE 7TH |
Detroit X-Wings batting - Pitching for Allentown Hillbillies : RHP Coy Torres
|
Batting: LHB Paul Alston
|
0-0: Called Strike 0-1: Ball 1-1: Ground out 1-3 (Groundball, P)
|
Batting: RHB Brad Ravenshaw
|
0-0: Called Strike 0-1: Ball 1-1: Foul Ball, location: 2F 1-2: Ball 2-2: Foul Ball, location: 2F 2-2: Fly out, F8 (Flyball, 8LM)
|
Batting: RHB José Rosales
|
0-0: Swinging Strike 0-1: Foul Ball, location: 2F 0-2: Hit by Pitch
|
Batting: SHB Jason Mason
|
0-0: Called Strike 0-1: Ground out 1-3 (Groundball, 13)
|
Top of the 7th over - 0 runs, 0 hits, 0 errors, 1 left on base; Detroit 1 - Allentown 9 |
BOTTOM OF THE 7TH |
Allentown Hillbillies batting - Pitching for Detroit X-Wings : LHP Clarence Skerratt
|
Batting: LHB Júlio Lorenzo
|
0-0: Ball 1-0: Ball 2-0: Ball 3-0: Swinging Strike 3-1: Swinging Strike 3-2: Ground out 3-1 (Groundball, 34)
|
Batting: RHB Rubén Vázquez
|
0-0: Ball 1-0: Ball 2-0: Ball 3-0: Called Strike 3-1: Base on Balls
|
Batting: RHB Donald Sanford
|
0-0: Ball 1-0: Ball 2-0: Ball 3-0: Called Strike 3-1: Base on Balls Rubén Vázquez to second
|
Batting: RHB Germano Labrego
|
0-0: Foul Ball, location: 2F 0-1: Ball 1-1: Swinging Strike 1-2: Foul Ball, location: 2F 1-2: Foul Ball, location: 2F 1-2: Fly out, F7 (Flyball, 7LSF)
|
Batting: RHB Albert Lutz
|
0-0: Ball 1-0: SINGLE (Groundball, 56D) Rubén Vázquez to third Donald Sanford to second Runner from 3rd tries for Home, SAFE, no throw
|
Batting: RHB Germán Romero
|
0-0: Ball 1-0: Called Strike 1-1: SINGLE (Groundball, 34D) Donald Sanford to third Albert Lutz to second Runner from 3rd tries for Home, SAFE, no throw
|
Batting: SHB Travis Martin
|
0-0: Ball 1-0: Ball 2-0: Fielders Choice at 2nd, 6-4 (Groundball, 6)
|
Bottom of the 7th over - 2 runs, 2 hits, 0 errors, 2 left on base; Detroit 1 - Allentown 11 |
TOP OF THE 8TH |
Detroit X-Wings batting - Pitching for Allentown Hillbillies : RHP Coy Torres
|
Now in LF: Jeff Townsley
|
|
Batting: RHB José Pérez
|
0-0: Ball 1-0: Swinging Strike 1-1: Ball 2-1: Ball 3-1: Base on Balls
|
Batting: LHB Juan Jose Pineda
|
0-0: Ball 1-0: SINGLE (Groundball, 34S) (infield hit) José Pérez to second
|
Batting: SHB Barrett Bowden
|
0-0: Ball 1-0: Ball 2-0: 3-RUN HOME RUN (Flyball, 9D), Distance : 356 ft
|
Pinch Hitting: RHB Enrique Aguilar
|
0-0: Ball 1-0: Ball 2-0: Ground out 6-3 (Groundball, 6M)
|
Batting: RHB Raúl Flores
|
0-0: Ball 1-0: Swinging Strike 1-1: Ball 2-1: Called Strike 2-2: Ball 3-2: Ground out 4-3 (Groundball, 4M)
|
Batting: LHB Paul Alston
|
0-0: Ball 1-0: Called Strike 1-1: Ball 2-1: Ball 3-1: Base on Balls
|
Batting: RHB Brad Ravenshaw
|
0-0: Ball 1-0: Ball 2-0: Called Strike 2-1: Foul Ball, location: 2F 2-2: Fielders Choice at 2nd, 6-4 (Groundball, 6)
|
Top of the 8th over - 3 runs, 2 hits, 0 errors, 1 left on base; Detroit 4 - Allentown 11 |
BOTTOM OF THE 8TH |
Allentown Hillbillies batting - Pitching for Detroit X-Wings : LHP Clarence Skerratt
|
Now at 3B: Brian Price
|
|
Batting: RHB Robert Bly
|
0-0: Ball 1-0: Called Strike 1-1: Ground out 6-3 (Groundball, 6)
|
Batting: RHB Justin Harris
|
0-0: Fly out, F7 (Flyball, 78M)
|
Batting: LHB Júlio Lorenzo
|
0-0: Swinging Strike 0-1: Swinging Strike 0-2: Strikes out looking
|
Bottom of the 8th over - 0 runs, 0 hits, 0 errors, 0 left on base; Detroit 4 - Allentown 11 |
TOP OF THE 9TH |
Detroit X-Wings batting - Pitching for Allentown Hillbillies : RHP Coy Torres
|
Now in RF: António Salazar
|
|
Batting: RHB José Rosales
|
0-0: Called Strike 0-1: Ball 1-1: Called Strike 1-2: Ball 2-2: Fly out, F8 (Flyball, 78D)
|
Batting: SHB Jason Mason
|
0-0: Foul Ball, location: 2F 0-1: Ground out 4-3 (Groundball, 4)
|
Batting: RHB José Pérez
|
0-0: Ball 1-0: Fly out, F9 (Line Drive, 89M)
|
Top of the 9th over - 0 runs, 0 hits, 0 errors, 0 left on base; Detroit 4 - Allentown 11 |
|